 Dungeon Crawl Stone Soup version 0.17.2-1-ge4368a0 (webtiles) character file.

91 Goblin1989 the Chopper (level 4, -10/35 HPs)
             Began as a Demonspawn Fighter on Oct 16, 2016.
             Mangled by Crazy Yiuf
             ... wielding a +2 quarterstaff of chaos
              (15 damage)
             ... while paralysed by Crazy Yiuf
             ... on level 3 of the Dungeon.
             The game lasted 00:06:05 (1222 turns).

Goblin1989 the Chopper (Demonspawn Fighter)         Turns: 1222, Time: 00:06:05

Health: -10/35     AC:  8    Str: 17    XL:     4   Next: 34%
Magic:  4/4        EV:  2    Int:  9    God:
Gold:   69         SH:  0    Dex: 13    Spells: 0 memorised, 3 levels left

rFire  . . .     SeeInvis .     a - +0 war axe
rCold  . . .     Clarity  .     b - +0 scale mail
rNeg   . . .     SustAt   .     c - +0 shield
rPois  .         Gourm    .     (no helmet)
rElec  .         Spirit   .     (no cloak)
rCorr  .         Warding  .     (no gloves)
rMut   .         Stasis   .     p - +1 pair of boots
MR     .....                    (no amulet)
Stlth  ..........               (no ring)
                                (no ring)

@: paralysed, not resistant to hostile enchantments, extremely unstealthy
A: powered by death 2, powered by pain 1
a: no special abilities


You were on level 3 of the Dungeon.
You were not hungry.

You visited 1 branch of the dungeon, and saw 3 of its levels.

You collected 69 gold pieces.

Inventory:

Hand Weapons
 a - a +0 war axe (weapon)
Armour
 b - a +0 scale mail (worn)
 c - a +0 shield (worn)
 p - a +1 pair of boots (worn)
Jewellery
 o - an uncursed ring of protection from cold {unknown}
Scrolls
 g - 2 scrolls of enchant weapon {unknown}
 h - a scroll of identify {unknown}
 i - a scroll of amnesia {unknown}
 k - a scroll of immolation {unknown}
 l - a scroll of teleportation {unknown}
 n - 2 scrolls of fear {unknown}
Potions
 d - a potion of might
 j - 2 potions of brilliance {unknown}
 q - a potion of invisibility {unknown}
Comestibles
 e - a bread ration {@e1}
 f - 8 fruits
 m - 2 meat rations {@e2}


   Skills:
 - Level 3.0 Fighting
 + Level 4.2 Axes
 - Level 2.6 Armour
 - Level 2.6 Shields


You had 3 spell levels left.
You didn't know any spells.

Dungeon Overview and Level Annotations

Branches:
Dungeon (3/15)

Altars:
Trog
Xom
Zin

Annotations:
D:3 Crazy Yiuf


Innate Abilities, Weirdness & Mutations

You regenerate health from kills.
You sometimes gain a little power by taking damage.


Message History

You are too injured to fight recklessly!
You are too injured to fight recklessly!
You are too injured to fight recklessly!
You are too injured to fight recklessly!
Unknown command.
You closely miss Crazy Yiuf.
Crazy Yiuf is heavily wounded.
Crazy Yiuf hits you but does no damage.
You hit Crazy Yiuf.
Crazy Yiuf is severely wounded.
Crazy Yiuf says, "Buddy!
Snurf sow mobile."
Crazy Yiuf barely misses you. Crazy Yiuf hits you but does no damage.
You hit Crazy Yiuf.
Crazy Yiuf is severely wounded.
Crazy Yiuf hits you but does no damage.
You suddenly lose the ability to move!
Crazy Yiuf hits you but does no damage.
Crazy Yiuf hits you with a quarterstaff of chaos!
* * * LOW HITPOINT WARNING * * *
You are electrocuted!
You die... ..ਜ ਜਜਜਜ

ਜ.ਜ ਜ.ਜ ਜ.ਜ ਜ.ਜ ਜ
ਜਜਜ.ਜਜ ਜ. ਜਜਜਜ♣♣ ਜਜਜ
ਜ....ਜ ਜ.ਜਜਜਜਜ..ਜ.♣
♣♣ਜ..)ਜ ਜ.ਜਜ.ਜ
ਜ...ਜਜ.....♣♣♣♣♣@g...ਜ
ਜ.ਜਜ.ਜ
ਜ..........♣..♣ਜ...ਜ
ਜ.ਜਜ.ਜ ਜ.ਜਜਜਜ.ਜ..♣.♣♣♣
ਜਜਜ ਜ.ਜਜ.ਜਜਜਜਜ ਜ.ਜ
ਜਜਜ♣♣♣♣♣ ਜ.ਜਜ......
ਜ.ਜ ਜ.ਜਜ.)ਜਜਜਜ ਜ.ਜ


ਜਜਜਜਜਜਜਜਜਜਜਜ ਜਜ.ਜਜ..ਜਜ ਜ.ਜ ਜ<.........ਜਜਜਜਜ.........
ਜ.ਜਜਜਜ.....................ਜਜਜ ਜ...........>......ਜਜ.ਜਜਜ.ਜਜ You could see Crazy
Yiuf.

Vanquished Creatures
  Natasha (D:3)
  2 adders
  The ghost of Goblin1989 the Digger, a weakling KoEE (D:3)
  A giant gecko (D:1)
  A ball python (D:1)
  2 giant cockroaches (D:1)
  9 hobgoblins
  3 kobolds
  8 bats
  3 giant newts
  8 goblins
  3 jackals (D:1)
  4 rats (D:1)
46 creatures vanquished.

Notes
Turn   | Place    | Note
--------------------------------------------------------------
     0 | D:1      | Goblin1989 the Demonspawn Fighter began the quest for the Orb.
     0 | D:1      | Reached XP level 1. HP: 18/18 MP: 1/1
   147 | D:1      | Gained mutation: You regenerate a little health from kills. [demonic ancestry]
   147 | D:1      | Reached XP level 2. HP: 17/24 MP: 2/2
   501 | D:2      | Gained mutation: You sometimes gain a little power by taking damage. [demonic ancestry]
   501 | D:2      | Reached XP level 3. HP: 21/29 MP: 3/3
   517 | D:2      | Noticed an angel
   518 | D:2      | Found a glowing silver altar of Zin.
   524 | D:2      | Found a shimmering altar of Xom.
   557 | D:2      | Found a bloodstained altar of Trog.
   711 | D:2      | Found a bloodstained altar of Trog.
  1001 | D:3      | Noticed Goblin1989's ghost (weakling KoEE)
  1007 | D:3      | Killed Goblin1989's ghost
  1124 | D:3      | Noticed Natasha
  1129 | D:3      | Killed Natasha
  1129 | D:3      | Reached skill level 4 in Axes
  1129 | D:3      | Gained mutation: You regenerate health from kills. [demonic ancestry]
  1129 | D:3      | Reached XP level 4. HP: 27/35 MP: 4/4
  1211 | D:3      | Noticed Crazy Yiuf
  1220 | D:3      | Paralysed by Crazy Yiuf for 3 turns
  1222 | D:3      | Mangled by Crazy Yiuf

Action                   |  1- 3 |  4- 6 || total
-------------------------+-------+-------++-------
Melee: War axe           |   118 |     9 ||   127
  Eat: Chunk             |     1 |       ||     1

Vault maps used:
D:1:      dpeg_arrival_pits
D:2:      grunt_temple_overflow_order_and_chaos_1, bloody_trog,
          kennysheep_flooded_box, kennysheep_cross_room,
          minmay_misc_feat_square, roderic_roman_lattice,
          kennysheep_generic_room_4
D:3:      first_bread, uniq_natasha, uniq_grinder, uniq_crazy_yiuf_cottage
